Map: Orbital Shipyard

Players

Zerglian - Winner!

  • Race: Zerg Zerg
  • League: Bronze

Ame

  • Race: Zerg Zerg
  • League: Silver

VOD

Have the link to the VOD?

Description

Time

  • Played on: Nov. 13, 2015, 10:01 p.m.
  • Length: 8:37
Show
View Real Time Build Order
Export as new Build Order

Zerglian Zerg - Winner!

Build Orders: Pool First, Lurkers 

Get SALT Encoding   

  12  0:01  Drone  
  13  0:12  Drone  
  14  0:30  Spawning Pool  
  14  0:32  Drone, Extractor  
  13  0:35  Drone  
  14  0:45  Overlord  
  14  1:08  Drone x3  
  17  1:20  Zergling x2  
  18  1:27  Queen  
  18  1:31  Overlord  
  20  1:37  Metabolic Boost  
  20  1:41  Drone  
  21  1:51  Drone  
  22  2:02  Drone  
  23  2:12  Lair  
  23  2:22  Drone  
  24  2:27  Hatchery  
  23  2:39  Drone x4  
  27  2:53  Drone  
  27  3:20  Queen  
  29  3:31  Hydralisk Den  
  28  3:37  Zergling x2  
  28  3:38  Overlord  
  28  3:39  Evolution Chamber, Overlord  
  28  3:41  Queen  
  30  4:14  Zergling x2  
  30  4:15  Lurker Den  
  31  4:33  Extractor  
  31  4:35  Hydralisk x2, Extractor  
  31  4:36  Extractor  
  32  4:49  Hydralisk  
  34  5:12  Zergling x2  
  34  5:13  Zergling x18  
  34  5:14  Zergling x6  
  45  5:21  Drone  
  48  5:35  Drone  
  49  5:36  Drone x2  
  49  5:39  Drone, Overlord  
  52  5:49  Pneumatized Carapace  
  52  5:52  Zerg Ground Armor Level 1  
  52  5:56  Muscular Augments  
  52  6:16  Hydralisk  
  52  6:17  Hydralisk x3  
  60  6:35  Overlord x3  
  60  7:00  Lurker  
  60  7:01  Lurker x4  
  64  7:03  Zergling x2  
  64  7:04  Zergling x10  
  71  7:15  Overlord  
  71  7:25  Overseer  
  57  7:45  Overseer  
  57  7:49  Zergling x12  
  63  8:09  Zergling x4  
Show
View Real Time Build Order
Export as new Build Order

Ame Zerg 

Build Orders: Hatch First 

Get SALT Encoding   

  12  0:03  Drone  
  13  0:09  Drone  
  14  0:19  Overlord  
  14  0:44  Drone  
  14  0:47  Hatchery  
  14  0:48  Drone  
  15  0:52  Drone  
  16  0:57  Drone  
  17  1:06  Overlord  
  17  1:14  Extractor  
  16  1:22  Spawning Pool  
  15  1:30  Drone  
  17  1:32  Drone  
  17  1:41  Drone  
  18  1:50  Drone  
  19  2:05  Drone x2  
  19  2:08  Queen x2  
  21  2:11  Zergling x2  
  21  2:14  Zergling x2  
  26  2:31  Drone  
  26  2:32  Drone x2  
  26  2:34  Drone  
  30  2:42  Drone  
  30  2:43  Baneling Nest  
  30  2:44  Drone  
  31  2:50  Lair  
  31  3:00  Drone x2  
  31  3:01  Extractor  
  31  3:04  Zergling x2  
  31  3:05  Zergling x2  
  34  3:21  Drone  
  34  3:22  Overlord x3  
  35  3:32  Drone  
  37  3:48  Zergling x2  
  37  3:49  Zergling x10  
  42  4:00  Zergling x4  
  44  4:13  Metabolic Boost  
  44  4:15  Centrifical Hooks  
  44  4:20  Drone  
  44  4:22  Roach Warren, Zergling x2  
  44  4:23  Zergling x8  
  49  4:34  Drone x3  
  49  4:36  Drone x2  
  54  4:50  Hydralisk Den  
  53  4:57  Evolution Chamber  
  52  5:01  Baneling x7  
  52  5:03  Drone  
  52  5:04  Drone x4  
  52  5:06  Drone  
  58  5:09  Drone  
  58  5:11  Hatchery  
  58  5:20  Overlord x2  
  58  5:25  Zerg Missile Weapons Level 1  
  58  5:26  Hydralisk  
  60  5:35  Overlord  
  60  5:36  Extractor  
  59  5:42  Evolution Chamber  
  59  5:45  Glial Reconstitution  
  59  5:48  Drone, Extractor  
  58  5:50  Drone x3  
  58  5:52  Drone x2  
  63  6:04  Drone x2  
  63  6:10  Hydralisk  
  67  6:12  Hydralisk  
  67  6:13  Hydralisk x2  
  73  6:20  Drone x2  
  73  6:23  Drone x3  
  73  6:24  Drone  
  73  6:25  Queen  
  81  6:31  Queen  
  83  6:35  Hydralisk  
  85  6:51  Muscular Augments  
  85  6:53  Hydralisk  
  85  6:54  Hydralisk  
  87  7:00  Drone  
  90  7:02  Overlord x3  
  90  7:05  Extractor  
  90  7:06  Drone  
  90  7:29  Drone x4  
  93  7:30  Drone x4  
  69  7:54  Hydralisk  
  69  7:55  Hydralisk x10  
  91  8:09  Overseer  
Tags
 
Add a new tag
Caveats
  • Supply blocks, unpowered buildings, or Contaminate may cause inaccurate times.
  • Supply counts are checked every 10 seconds.